Map: Thunderbird LE

Players

Bly - Winner!

  • Race: Zerg Zerg
  • Spawn Location: 11:00

PappiJoe

  • Race: Protoss Protoss
  • Spawn Location: 5:00

Event: 2019 WCS Summer

VOD

Have the link to the VOD?

Description

Time

  • Played on: July 12, 2019, 1:07 p.m.
  • Length: 7:10

All games in this series

Show
View Real Time Build Order
Export as new Build Order

Bly Zerg - Winner!

Build Orders: Hatch First 

Get SALT Encoding   

  12  0:01  Drone  
  13  0:12  Overlord  
  13  0:17  Drone  
  14  0:31  Drone x2  
  16  0:42  Drone  
  17  1:04  Hatchery  
  16  1:14  Drone  
  16  1:15  Drone  
  16  1:17  Spawning Pool  
  17  1:19  Extractor  
  17  1:22  Drone  
  17  1:27  Drone  
  18  1:44  Drone  
  19  1:48  Hatchery  
  18  1:59  Drone  
  19  2:02  Evolution Chamber  
  19  2:05  Zergling x2  
  20  2:11  Zergling x2  
  22  2:17  Spore Crawler  
  22  2:18  Queen, Extractor  
  24  2:38  Metabolic Boost, Overlord  
  25  2:58  Drone x3  
  26  3:15  Queen  
  26  3:16  Queen  
  26  3:17  Zergling x6, Hatchery  
  32  3:29  Drone x4  
  36  3:34  Overlord  
  36  3:47  Overlord  
  36  3:50  Overlord  
  36  3:58  Zergling x8  
  39  4:04  Overlord  
  39  4:07  Overlord  
  39  4:17  Overlord  
  39  4:22  Drone  
  40  4:26  Drone  
  41  4:33  Zergling x16  
  48  4:40  Drone x2  
  50  4:48  Overlord  
  50  4:54  Drone x3  
  52  5:00  Drone x3  
  53  5:11  Zergling x6  
  55  5:16  Drone, Overlord  
  56  5:22  Zergling x2  
  56  5:23  Zergling x6  
  60  5:31  Drone x6  
  60  5:35  Overlord  
  60  5:46  Drone  
  60  5:47  Drone x5, Queen  
  60  5:48  Queen  
  65  5:53  Zergling x8  
  69  5:58  Overlord  
  69  6:03  Overlord  
  69  6:09  Zergling x12  
  75  6:16  Hatchery  
  72  6:19  Drone  
  72  6:20  Drone x3  
  72  6:24  Roach Warren  
  74  6:32  Zergling x16  
  79  6:43  Zergling x6  
  81  6:50  Zergling x14  
  81  6:52  Hatchery  
  86  7:06  Spore Crawler  
  86  7:07  Spore Crawler x2  
Show
View Real Time Build Order
Export as new Build Order

PappiJoe Protoss 

Build Orders:  

Get SALT Encoding   

  12  0:00  Probe  
  13  0:13  Probe  
  14  0:18  Pylon  
  14  0:25  Probe  
  15  0:35  Probe  
  15  0:36  Gateway  
  16  0:43  Probe  
  16  0:48  Assimilator  
  17  0:54  Probe  
  18  1:06  Probe  
  19  1:13  Pylon  
  19  1:18  Probe  
  19  1:19  Assimilator  
  19  1:21  Zealot, Pylon  
  22  1:33  Probe  
  23  1:43  Cybernetics Core  
  23  1:49  Probe  
  24  1:57  Assimilator  
  24  2:01  Probe  
  25  2:13  Probe  
  26  2:25  Probe  
  27  2:30  Adept  
  26  2:37  Nexus  
  26  2:42  Probe  
  29  2:46  Warp Gate  
  29  2:54  Probe  
  29  2:56  Pylon  
  30  3:00  Adept  
  32  3:14  Probe  
  33  3:23  Twilight Council  
  33  3:26  Probe  
  34  3:38  Probe  
  35  3:44  Stargate  
  35  3:50  Probe x2  
  37  3:59  Gateway  
  37  4:02  Probe x2  
  38  4:07  Gateway  
  38  4:09  Gateway  
  36  4:14  Probe x2  
  36  4:22  Pylon  
  36  4:23  Oracle  
  36  4:26  Probe  
  39  4:33  Probe  
  38  4:38  Probe  
  39  4:47  Adept, Pylon  
  39  4:49  Probe  
  39  4:52  Oracle  
  40  5:05  Zealot  
  41  5:07  Probe x2  
  41  5:13  Adept  
  45  5:18  Gateway  
  45  5:19  Probe  
  44  5:24  Zealot  
  44  5:25  Probe  
  47  5:32  Pylon  
  42  5:41  Oracle  
  36  6:05  Shield Battery  
  31  6:23  Probe x2  
  33  6:35  Probe x2  
  33  6:47  Probe x2  
Tags
 
Add a new tag
Caveats
  • Supply blocks, unpowered buildings, or Contaminate may cause inaccurate times.
  • Supply counts are checked every 10 seconds.